cohdb
Replays
Latest Replays
All Replays
Popular Replays
Top Player Replays
Match Explorer
How It Works
Community
CoH3 Stats
Reddit
Sign in to upload your games and track your stats! →
Sign in with Steam
Match 41880086
Unlisted
Match 41880086
Overview
Messages
Build Orders
End
Kradschützen Motorcycle Team
Panzergrenadier Squad
250 Light Carrier
Panzergrenadier Squad
Construct Light Support Kompanie
Panzerpioneer Squad
Selects Panzerjäger Kommand Battlegroup
Selects Mine Fields
Selects Defensive Positions
Construct Mechanized Kompanie
8 Rad Armored Car
Panzerjäger Mechanized Group
Selects Tank Busters
MG34 Team
Support Armor Elements
Selects Crew Shock Tactics
Crew Shock Tactics
StuG III D Assault Gun
2.5-tonne Medical Truck
Panzergrenadier Squad
Selects Butterfly Bomb Drop
StuG III D Assault Gun
Emergency Repair Kits
Panzergrenadier Squad
Butterfly Bomb Drop
Selects Elefant Tank Destroyer
Elefant Tank Destroyer
Sovereign
Jervi
0
0
Comments
sign in to comment!
No comments posted yet!